 Dungeon Crawl Stone Soup version 0.31-a0-232-gb1c03b2570 (webtiles) character file.

Game seed: 2861821318771565349

50 qw the Shooter (level 3, -13/29 HPs)
             Began as a Minotaur Hexslinger on July 7, 2023.
             Mangled by an ogre
             ... wielding a +0 giant club
              (21 damage)
             ... on level 2 of the Dungeon.
             The game lasted 00:00:27 (1233 turns).

qw the Shooter (Minotaur Hexslinger)                Turns: 1233, Time: 00:00:28

Health: -13/29     AC:  6    Str: 12    XL:     3   Next: 55%
Magic:  3/3        EV: 11    Int: 10    God:
Gold:   91         SH:  0    Dex: 14    Spells: 3/4 levels left

rFire   . . .        Y - +1 sling
rCold   . . .        (no shield)
rNeg    . . .        g - +0 ring mail
rPois   .            (helmet restricted)
rElec   .            (no cloak)
rCorr   .            (no gloves)
SInv    .            k - +0 pair of boots
Will    .....        (no amulet)
Stlth   +            (no ring)
HPRegen 0.24/turn    (no ring)
MPRegen 0.08/turn

%: no passive effects
@: no status effects
A: horns 2, retaliatory headbutt
a: no special abilities


You were on level 2 of the Dungeon.
You visited 1 branch of the dungeon, and saw 2 of its levels.

You collected 91 gold pieces.


Innate Abilities, Weirdness & Mutations

You have a pair of horns on your head.
You reflexively headbutt those who attack you in melee.


   Skills:
 - Level 2.0 Fighting
 - Level 4.1 Ranged Weapons
 + Level 0.2 Armour
 - Level 2.1 Dodging
 - Level 1.0 Spellcasting
 - Level 2.0 Hexes


You had 3 spell levels left.
You knew the following spells:

 Your Spells              Type           Power      Damage    Failure   Level
a - Slow                  Hex            16%        N/A       34%         1

Your spell library contained the following spells:

 Spells                   Type           Power      Damage    Failure   Level
 Inner Flame              Hex/Fire       2%         N/A       83%         3
 Portal Projectile        Hex/Tloc       4%         N/A       83%         3
 Cause Fear               Hex            2%         N/A       98%         4

Inventory:

Hand Weapons
 Y - a +1 sling (weapon)
Armour
 b - a +0 cloak
 g - a +0 ring mail (worn)
 k - a +0 pair of boots (worn)
Jewellery
 c - a ring of poison resistance
Scrolls
 a - a scroll of fog {unknown}
 d - a scroll of identify
Potions
 h - a potion of enlightenment

Dungeon Overview and Level Annotations

Branches:
Dungeon (2/15)

Altars:


Message History

You kill the adder!
Your Ranged Weapons skill increases to level 4!
You start resting.
HP restored.
c - a ring of poison resistance A goblin comes into view.
It is wielding a +0 dagger.
You shoot a sling bullet.
The sling bullet closely misses the goblin.
You shoot a sling bullet. The sling bullet hits the goblin!
You kill the goblin!
d - a scroll of identify
Things that are here:
a +0 dagger; a goblin corpse You see here a wand of quicksilver (11).
A rat and an ogre come into view.
Enter note: You shoot a sling bullet.
The sling bullet hits the ogre!
The ogre is moderately wounded.
You shoot a sling bullet.
The sling bullet barely misses the ogre.
You shoot a sling bullet. The sling bullet hits the ogre.
The ogre is heavily wounded.
You shoot a sling bullet.
The sling bullet barely misses the ogre.
The rat twitches its whiskers.
You shoot a sling bullet. The sling bullet hits the ogre!
The ogre is severely wounded.
The ogre closely misses you. The rat bites you but does no damage.
You shoot a sling bullet. The sling bullet hits the ogre.
The ogre is almost dead.
The rat bites you.
The ogre hits you with a +0 giant club!!
Ouch! That really hurt!
An endoplasm comes into view.
The rat misses you.
You shoot a sling bullet.
The sling bullet barely misses the ogre.
The ogre hits you with a +0 giant club!!
Ouch! That really hurt!
You die...

..#.# #### #.#.#
..... #.#.#
#..###..)######
#...............
#.##..#########.
#.../.###J..#
#.#.......# #
#r@.###...#
#...O.# ##
.........#
.####.....
#.....# #...#..
....##.# ......
.#


You could see an ogre, an endoplasm and a rat.

Vanquished Creatures
  An adder (D:2)
  3 dart slugs (D:1)
  2 endoplasms (D:1)
  A giant cockroach (D:1)
  4 goblins
  4 hobgoblins (D:1)
  6 jackals (D:1)
  4 kobolds
  A quokka (D:1)
  A ball python (D:1)
  4 bats (D:1)
31 creatures vanquished.

Notes
Turn   | Place    | Note
-------+----------+-------------------------------------------
     0 | D:1      | qw the Minotaur Hexslinger began the quest for the Orb.
     0 | D:1      | Reached XP level 1. HP: 16/16 MP: 1/1
     0 | D:1      | 0 ||| qw: Version: 0.3-a-46-gb1f654a
     0 | D:1      | 0 ||| qw: Game counter: 2735
     0 | D:1      | 0 ||| qw: Melee chars always use a shield: true
     0 | D:1      | 0 ||| qw: God list: Okawaru
     0 | D:1      | 0 ||| qw: Allow faded altars: false
     0 | D:1      | 0 ||| qw: Do Orc after clearing Dungeon:15 true
     0 | D:1      | 0 ||| qw: Do second Lair branch before Depths: true
     0 | D:1      | 0 ||| qw: Lair rune preference: random
     0 | D:1      | 0 ||| qw: Goals: Normal
     0 | D:1      | 0 ||| PLANNING D:1-11
    74 | D:1      | Reached skill level 3 in Ranged Weapons
    85 | D:1      | Reached XP level 2. HP: 23/23 MP: 2/2
   621 | D:1      | Reached XP level 3. HP: 28/29 MP: 3/3
   949 | D:1      | 949 ||| UPGRADING to +0 ring mail.
   959 | D:1      | 959 ||| DROPPING +0 robe.
   960 | D:1      | 960 ||| UPGRADING to +0 pair of boots.
   965 | D:1      | 965 ||| READING scroll labelled KOREKAMASEU.
   966 | D:1      | 966 ||| READING scroll labelled JOMMASMEMEN.
  1018 | D:1      | 1018 ||| READING 2 scrolls labelled ZAMEOTS YPIHI.
  1019 | D:1      | 1019 ||| READING scroll labelled VUUCOZ FIWOS.
  1020 | D:1      | 1020 ||| READING scroll labelled BAZOKK DORYW.
  1021 | D:1      | 1021 ||| DRINKING 2 amethyst potions.
  1022 | D:1      | 1022 ||| DRINKING 2 orange potions.
  1023 | D:1      | 1023 ||| DROPPING scroll of poison.
  1024 | D:1      | 1024 ||| DROPPING potion of attraction.
  1025 | D:1      | 1025 ||| DROPPING scroll of immolation.
  1166 | D:2      | Reached skill level 4 in Ranged Weapons
  1226 | D:2      | Noticed an ogre
  1233 | D:2      | Mangled by an ogre

Levels and vault maps discovered:
D:1:      dpeg_arrival_morbid_curiosity, layout_loops_ring, st_stairs_3,
          minmay_pentomino_o4
D:2:      minmay_roachtagon, layout_loops_ring

Skill      XL: |  1  2  3 |
---------------+----------+-----
Ranged Weapons | 3 4 |  4.1
Fighting       | 2 |  2.0
Armour         | |  0.2
Dodging        | |  2.1
Spellcasting   | |  1.0
Hexes          | |  2.0

Action                     || total
---------------------------++-------
   Fire: Sling             ||   108
    Use: Scroll            ||     5
         Potion            ||     2
 Armour: Robe              ||     8
         Ring mail         ||     7
  Dodge: Dodged            ||    30

Table legend:
 A = Non-vault XP
 B = Vault XP
 C = Vault XP percentage of total XP
 D = Non-vault monster count
 E = Vault monster count
 F = Vault count percentage of total count
                 A         B        C        D         E       F
            +---------+---------+-------+---------+---------+-------
      Total |      52 |      20 |  27.8 |      21 |      10 |  32.3
            +---------+---------+-------+---------+---------+-------
        D:1 |      35 |      20 |  36.4 |      18 |      10 |  35.7
        D:2 |      17 |       0 |   0.0 |       3 |       0 |   0.0
            +---------+---------+-------+---------+---------+-------
